%YAML 1.1
%TAG !u! tag:unity3d.com,2011:
--- !u!1 &3386263165873064346
GameObject:
  m_ObjectHideFlags: 0
  m_CorrespondingSourceObject: {fileID: 0}
  m_PrefabInstance: {fileID: 0}
  m_PrefabAsset: {fileID: 0}
  serializedVersion: 6
  m_Component:
  - component: {fileID: 8390231550070911135}
  m_Layer: 0
  m_Name: Objects
  m_TagString: Untagged
  m_Icon: {fileID: 0}
  m_NavMeshLayer: 0
  m_StaticEditorFlags: 0
  m_IsActive: 1
--- !u!4 &8390231550070911135
Transform:
  m_ObjectHideFlags: 0
  m_CorrespondingSourceObject: {fileID: 0}
  m_PrefabInstance: {fileID: 0}
  m_PrefabAsset: {fileID: 0}
  m_GameObject: {fileID: 3386263165873064346}
  m_LocalRotation: {x: -0, y: -0, z: -0, w: 1}
  m_LocalPosition: {x: 0, y: -0.007, z: 0.261}
  m_LocalScale: {x: 1, y: 1, z: 1}
  m_Children:
  - {fileID: 7523784861927147379}
  - {fileID: 5239053223621881730}
  - {fileID: 7560713994877987096}
  - {fileID: 7985656004172578996}
  m_Father: {fileID: 8609911941270939240}
  m_RootOrder: 2
  m_LocalEulerAnglesHint: {x: 0, y: 0, z: 0}
--- !u!1 &4327601431387066418
GameObject:
  m_ObjectHideFlags: 0
  m_CorrespondingSourceObject: {fileID: 0}
  m_PrefabInstance: {fileID: 0}
  m_PrefabAsset: {fileID: 0}
  serializedVersion: 6
  m_Component:
  - component: {fileID: 5566842145392275611}
  - component: {fileID: 7704169117506492322}
  - component: {fileID: 4832574356532105383}
  - component: {fileID: 2850473587132425543}
  m_Layer: 5
  m_Name: Canvas
  m_TagString: Untagged
  m_Icon: {fileID: 0}
  m_NavMeshLayer: 0
  m_StaticEditorFlags: 0
  m_IsActive: 1
--- !u!224 &5566842145392275611
RectTransform:
  m_ObjectHideFlags: 0
  m_CorrespondingSourceObject: {fileID: 0}
  m_PrefabInstance: {fileID: 0}
  m_PrefabAsset: {fileID: 0}
  m_GameObject: {fileID: 4327601431387066418}
  m_LocalRotation: {x: -0, y: -0, z: -0, w: 1}
  m_LocalPosition: {x: 0, y: 0, z: 0}
  m_LocalScale: {x: 0.1, y: 0.1, z: 0.1}
  m_Children:
  - {fileID: 6077693207751717345}
  - {fileID: 7047788950504670006}
  - {fileID: 9131421845399249849}
  - {fileID: 5072590921760340618}
  m_Father: {fileID: 8609911941270939240}
  m_RootOrder: 5
  m_LocalEulerAnglesHint: {x: 0, y: 0, z: 0}
  m_AnchorMin: {x: 0, y: 0}
  m_AnchorMax: {x: 0, y: 0}
  m_AnchoredPosition: {x: 49.399994, y: 87.79999}
  m_SizeDelta: {x: 988, y: 1756}
  m_Pivot: {x: 0.5, y: 0.5}
--- !u!223 &7704169117506492322
Canvas:
  m_ObjectHideFlags: 0
  m_CorrespondingSourceObject: {fileID: 0}
  m_PrefabInstance: {fileID: 0}
  m_PrefabAsset: {fileID: 0}
  m_GameObject: {fileID: 4327601431387066418}
  m_Enabled: 1
  serializedVersion: 3
  m_RenderMode: 2
  m_Camera: {fileID: 0}
  m_PlaneDistance: 100
  m_PixelPerfect: 0
  m_ReceivesEvents: 1
  m_OverrideSorting: 0
  m_OverridePixelPerfect: 0
  m_SortingBucketNormalizedSize: 0
  m_AdditionalShaderChannelsFlag: 25
  m_SortingLayerID: 0
  m_SortingOrder: 0
  m_TargetDisplay: 0
--- !u!114 &4832574356532105383
MonoBehaviour:
  m_ObjectHideFlags: 0
  m_CorrespondingSourceObject: {fileID: 0}
  m_PrefabInstance: {fileID: 0}
  m_PrefabAsset: {fileID: 0}
  m_GameObject: {fileID: 4327601431387066418}
  m_Enabled: 1
  m_EditorHideFlags: 0
  m_Script: {fileID: 1980459831, guid: f70555f144d8491a825f0804e09c671c, type: 3}
  m_Name: 
  m_EditorClassIdentifier: 
  m_UiScaleMode: 0
  m_ReferencePixelsPerUnit: 100
  m_ScaleFactor: 1
  m_ReferenceResolution: {x: 800, y: 600}
  m_ScreenMatchMode: 0
  m_MatchWidthOrHeight: 0
  m_PhysicalUnit: 3
  m_FallbackScreenDPI: 96
  m_DefaultSpriteDPI: 96
  m_DynamicPixelsPerUnit: 1
--- !u!114 &2850473587132425543
MonoBehaviour:
  m_ObjectHideFlags: 0
  m_CorrespondingSourceObject: {fileID: 0}
  m_PrefabInstance: {fileID: 0}
  m_PrefabAsset: {fileID: 0}
  m_GameObject: {fileID: 4327601431387066418}
  m_Enabled: 1
  m_EditorHideFlags: 0
  m_Script: {fileID: 1301386320, guid: f70555f144d8491a825f0804e09c671c, type: 3}
  m_Name: 
  m_EditorClassIdentifier: 
  m_IgnoreReversedGraphics: 1
  m_BlockingObjects: 0
  m_BlockingMask:
    serializedVersion: 2
    m_Bits: 4294967295
--- !u!1 &4439431503983941099
GameObject:
  m_ObjectHideFlags: 0
  m_CorrespondingSourceObject: {fileID: 0}
  m_PrefabInstance: {fileID: 0}
  m_PrefabAsset: {fileID: 0}
  serializedVersion: 6
  m_Component:
  - component: {fileID: 7047788950504670006}
  - component: {fileID: 325711294740139383}
  - component: {fileID: 469493816110707333}
  m_Layer: 5
  m_Name: Image
  m_TagString: Untagged
  m_Icon: {fileID: 0}
  m_NavMeshLayer: 0
  m_StaticEditorFlags: 0
  m_IsActive: 1
--- !u!224 &7047788950504670006
RectTransform:
  m_ObjectHideFlags: 0
  m_CorrespondingSourceObject: {fileID: 0}
  m_PrefabInstance: {fileID: 0}
  m_PrefabAsset: {fileID: 0}
  m_GameObject: {fileID: 4439431503983941099}
  m_LocalRotation: {x: 0.70710075, y: -0.0029145125, z: 0.0029146194, w: 0.70710087}
  m_LocalPosition: {x: 0, y: 0, z: 11.13}
  m_LocalScale: {x: 0.01, y: 0.0100000035, z: 0.0100000035}
  m_Children: []
  m_Father: {fileID: 5566842145392275611}
  m_RootOrder: 1
  m_LocalEulerAnglesHint: {x: 90.00001, y: 0, z: 0.47200003}
  m_AnchorMin: {x: 0, y: 0}
  m_AnchorMax: {x: 1, y: 1}
  m_AnchoredPosition: {x: -494.81, y: -881.29956}
  m_SizeDelta: {x: -866.05994, y: -1729.4}
  m_Pivot: {x: 0.5, y: 0.5}
--- !u!222 &325711294740139383
CanvasRenderer:
  m_ObjectHideFlags: 0
  m_CorrespondingSourceObject: {fileID: 0}
  m_PrefabInstance: {fileID: 0}
  m_PrefabAsset: {fileID: 0}
  m_GameObject: {fileID: 4439431503983941099}
  m_CullTransparentMesh: 0
--- !u!114 &469493816110707333
MonoBehaviour:
  m_ObjectHideFlags: 0
  m_CorrespondingSourceObject: {fileID: 0}
  m_PrefabInstance: {fileID: 0}
  m_PrefabAsset: {fileID: 0}
  m_GameObject: {fileID: 4439431503983941099}
  m_Enabled: 1
  m_EditorHideFlags: 0
  m_Script: {fileID: -765806418, guid: f70555f144d8491a825f0804e09c671c, type: 3}
  m_Name: 
  m_EditorClassIdentifier: 
  m_Material: {fileID: 0}
  m_Color: {r: 1, g: 1, b: 1, a: 1}
  m_RaycastTarget: 1
  m_OnCullStateChanged:
    m_PersistentCalls:
      m_Calls: []
    m_TypeName: UnityEngine.UI.MaskableGraphic+CullStateChangedEvent, UnityEngine.UI,
      Version=1.0.0.0, Culture=neutral, PublicKeyToken=null
  m_Sprite: {fileID: 2832200098165293003, guid: fc1118bda55ed4daea3cd547bcd04db6,
    type: 3}
  m_Type: 0
  m_PreserveAspect: 1
  m_FillCenter: 1
  m_FillMethod: 4
  m_FillAmount: 1
  m_FillClockwise: 1
  m_FillOrigin: 0
  m_UseSpriteMesh: 0
--- !u!1 &4928984389370150507
GameObject:
  m_ObjectHideFlags: 0
  m_CorrespondingSourceObject: {fileID: 0}
  m_PrefabInstance: {fileID: 0}
  m_PrefabAsset: {fileID: 0}
  serializedVersion: 6
  m_Component:
  - component: {fileID: 5072590921760340618}
  - component: {fileID: 3482690247823722771}
  - component: {fileID: 7024533449942278267}
  m_Layer: 5
  m_Name: Image (2)
  m_TagString: Untagged
  m_Icon: {fileID: 0}
  m_NavMeshLayer: 0
  m_StaticEditorFlags: 0
  m_IsActive: 1
--- !u!224 &5072590921760340618
RectTransform:
  m_ObjectHideFlags: 0
  m_CorrespondingSourceObject: {fileID: 0}
  m_PrefabInstance: {fileID: 0}
  m_PrefabAsset: {fileID: 0}
  m_GameObject: {fileID: 4928984389370150507}
  m_LocalRotation: {x: 0.70710075, y: -0.0029145125, z: 0.0029146194, w: 0.70710087}
  m_LocalPosition: {x: 0, y: 0, z: 11.53}
  m_LocalScale: {x: 0.01, y: 0.0100000035, z: 0.0100000035}
  m_Children: []
  m_Father: {fileID: 5566842145392275611}
  m_RootOrder: 3
  m_LocalEulerAnglesHint: {x: 90.00001, y: 0, z: 0.47200003}
  m_AnchorMin: {x: 0, y: 0}
  m_AnchorMax: {x: 1, y: 1}
  m_AnchoredPosition: {x: -500.31, y: -881.2996}
  m_SizeDelta: {x: -866.05994, y: -1729.4}
  m_Pivot: {x: 0.5, y: 0.5}
--- !u!222 &3482690247823722771
CanvasRenderer:
  m_ObjectHideFlags: 0
  m_CorrespondingSourceObject: {fileID: 0}
  m_PrefabInstance: {fileID: 0}
  m_PrefabAsset: {fileID: 0}
  m_GameObject: {fileID: 4928984389370150507}
  m_CullTransparentMesh: 0
--- !u!114 &7024533449942278267
MonoBehaviour:
  m_ObjectHideFlags: 0
  m_CorrespondingSourceObject: {fileID: 0}
  m_PrefabInstance: {fileID: 0}
  m_PrefabAsset: {fileID: 0}
  m_GameObject: {fileID: 4928984389370150507}
  m_Enabled: 1
  m_EditorHideFlags: 0
  m_Script: {fileID: -765806418, guid: f70555f144d8491a825f0804e09c671c, type: 3}
  m_Name: 
  m_EditorClassIdentifier: 
  m_Material: {fileID: 0}
  m_Color: {r: 1, g: 1, b: 1, a: 1}
  m_RaycastTarget: 1
  m_OnCullStateChanged:
    m_PersistentCalls:
      m_Calls: []
    m_TypeName: UnityEngine.UI.MaskableGraphic+CullStateChangedEvent, UnityEngine.UI,
      Version=1.0.0.0, Culture=neutral, PublicKeyToken=null
  m_Sprite: {fileID: 2832200098165293003, guid: fc1118bda55ed4daea3cd547bcd04db6,
    type: 3}
  m_Type: 0
  m_PreserveAspect: 1
  m_FillCenter: 1
  m_FillMethod: 4
  m_FillAmount: 1
  m_FillClockwise: 1
  m_FillOrigin: 0
  m_UseSpriteMesh: 0
--- !u!1 &6077693207751717344
GameObject:
  m_ObjectHideFlags: 0
  m_CorrespondingSourceObject: {fileID: 0}
  m_PrefabInstance: {fileID: 0}
  m_PrefabAsset: {fileID: 0}
  serializedVersion: 6
  m_Component:
  - component: {fileID: 6077693207751717345}
  - component: {fileID: 6077693207751717279}
  - component: {fileID: 6077693207751717278}
  m_Layer: 5
  m_Name: First Text
  m_TagString: Untagged
  m_Icon: {fileID: 0}
  m_NavMeshLayer: 0
  m_StaticEditorFlags: 0
  m_IsActive: 1
--- !u!224 &6077693207751717345
RectTransform:
  m_ObjectHideFlags: 0
  m_CorrespondingSourceObject: {fileID: 0}
  m_PrefabInstance: {fileID: 0}
  m_PrefabAsset: {fileID: 0}
  m_GameObject: {fileID: 6077693207751717344}
  m_LocalRotation: {x: 0.70710236, y: -0.002506726, z: 0.0025066924, w: 0.70710236}
  m_LocalPosition: {x: 0, y: 0, z: 9.69}
  m_LocalScale: {x: 0.010000002, y: 0.010000003, z: 0.010000003}
  m_Children: []
  m_Father: {fileID: 5566842145392275611}
  m_RootOrder: 0
  m_LocalEulerAnglesHint: {x: 90.00001, y: 0, z: 0.40600002}
  m_AnchorMin: {x: 0, y: 0}
  m_AnchorMax: {x: 1, y: 1}
  m_AnchoredPosition: {x: -492.04, y: -881.3}
  m_SizeDelta: {x: -800.7077, y: -1707.2595}
  m_Pivot: {x: 0.5, y: 0.5}
--- !u!222 &6077693207751717279
CanvasRenderer:
  m_ObjectHideFlags: 0
  m_CorrespondingSourceObject: {fileID: 0}
  m_PrefabInstance: {fileID: 0}
  m_PrefabAsset: {fileID: 0}
  m_GameObject: {fileID: 6077693207751717344}
  m_CullTransparentMesh: 0
--- !u!114 &6077693207751717278
MonoBehaviour:
  m_ObjectHideFlags: 0
  m_CorrespondingSourceObject: {fileID: 0}
  m_PrefabInstance: {fileID: 0}
  m_PrefabAsset: {fileID: 0}
  m_GameObject: {fileID: 6077693207751717344}
  m_Enabled: 1
  m_EditorHideFlags: 0
  m_Script: {fileID: 11500000, guid: f4688fdb7df04437aeb418b961361dc5, type: 3}
  m_Name: 
  m_EditorClassIdentifier: 
  m_Material: {fileID: 0}
  m_Color: {r: 1, g: 1, b: 1, a: 1}
  m_RaycastTarget: 1
  m_OnCullStateChanged:
    m_PersistentCalls:
      m_Calls: []
    m_TypeName: UnityEngine.UI.MaskableGraphic+CullStateChangedEvent, UnityEngine.UI,
      Version=1.0.0.0, Culture=neutral, PublicKeyToken=null
  m_text: These outdoor tables have uneven planks
  m_isRightToLeft: 0
  m_fontAsset: {fileID: 11400000, guid: c2114528e7279431e820b38ad43a916c, type: 2}
  m_sharedMaterial: {fileID: 6321171848169599628, guid: c2114528e7279431e820b38ad43a916c,
    type: 2}
  m_fontSharedMaterials: []
  m_fontMaterial: {fileID: 0}
  m_fontMaterials: []
  m_fontColor32:
    serializedVersion: 2
    rgba: 4294967295
  m_fontColor: {r: 1, g: 1, b: 1, a: 1}
  m_enableVertexGradient: 0
  m_colorMode: 3
  m_fontColorGradient:
    topLeft: {r: 1, g: 1, b: 1, a: 1}
    topRight: {r: 1, g: 1, b: 1, a: 1}
    bottomLeft: {r: 1, g: 1, b: 1, a: 1}
    bottomRight: {r: 1, g: 1, b: 1, a: 1}
  m_fontColorGradientPreset: {fileID: 0}
  m_spriteAsset: {fileID: 0}
  m_tintAllSprites: 0
  m_overrideHtmlColors: 0
  m_faceColor:
    serializedVersion: 2
    rgba: 4294967295
  m_outlineColor:
    serializedVersion: 2
    rgba: 4278190080
  m_fontSize: 22.2
  m_fontSizeBase: 60
  m_fontWeight: 400
  m_enableAutoSizing: 1
  m_fontSizeMin: 5
  m_fontSizeMax: 72
  m_fontStyle: 0
  m_textAlignment: 4128
  m_characterSpacing: 0
  m_wordSpacing: 0
  m_lineSpacing: 0
  m_lineSpacingMax: 0
  m_paragraphSpacing: 0
  m_charWidthMaxAdj: 0
  m_enableWordWrapping: 1
  m_wordWrappingRatios: 0.4
  m_overflowMode: 0
  m_firstOverflowCharacterIndex: -1
  m_linkedTextComponent: {fileID: 0}
  m_isLinkedTextComponent: 0
  m_isTextTruncated: 0
  m_enableKerning: 1
  m_enableExtraPadding: 0
  checkPaddingRequired: 0
  m_isRichText: 1
  m_parseCtrlCharacters: 1
  m_isOrthographic: 1
  m_isCullingEnabled: 0
  m_ignoreRectMaskCulling: 0
  m_ignoreCulling: 1
  m_horizontalMapping: 0
  m_verticalMapping: 0
  m_uvLineOffset: 0
  m_geometrySortingOrder: 0
  m_VertexBufferAutoSizeReduction: 1
  m_firstVisibleCharacter: 0
  m_useMaxVisibleDescender: 1
  m_pageToDisplay: 1
  m_margin: {x: -183.22119, y: 0, z: 29.847645, w: 0}
  m_textInfo:
    textComponent: {fileID: 6077693207751717278}
    characterCount: 39
    spriteCount: 0
    spaceCount: 5
    wordCount: 6
    linkCount: 0
    lineCount: 2
    pageCount: 1
    materialCount: 1
  m_isUsingLegacyAnimationComponent: 0
  m_isVolumetricText: 0
  m_spriteAnimator: {fileID: 0}
  m_hasFontAssetChanged: 0
  m_subTextObjects:
  - {fileID: 0}
  - {fileID: 0}
  - {fileID: 0}
  - {fileID: 0}
  - {fileID: 0}
  - {fileID: 0}
  - {fileID: 0}
  - {fileID: 0}
  m_baseMaterial: {fileID: 0}
  m_maskOffset: {x: 0, y: 0, z: 0, w: 0}
--- !u!1 &6096391348121384401
GameObject:
  m_ObjectHideFlags: 0
  m_CorrespondingSourceObject: {fileID: 0}
  m_PrefabInstance: {fileID: 0}
  m_PrefabAsset: {fileID: 0}
  serializedVersion: 6
  m_Component:
  - component: {fileID: 9131421845399249849}
  - component: {fileID: 5421118195693702590}
  - component: {fileID: 1159401332328747389}
  m_Layer: 5
  m_Name: Image (1)
  m_TagString: Untagged
  m_Icon: {fileID: 0}
  m_NavMeshLayer: 0
  m_StaticEditorFlags: 0
  m_IsActive: 1
--- !u!224 &9131421845399249849
RectTransform:
  m_ObjectHideFlags: 0
  m_CorrespondingSourceObject: {fileID: 0}
  m_PrefabInstance: {fileID: 0}
  m_PrefabAsset: {fileID: 0}
  m_GameObject: {fileID: 6096391348121384401}
  m_LocalRotation: {x: 0.70708364, y: -0.005707222, z: 0.0057074465, w: 0.7070839}
  m_LocalPosition: {x: 0, y: 0, z: 11.610002}
  m_LocalScale: {x: 0.010000005, y: 0.010000005, z: 0.0100000035}
  m_Children: []
  m_Father: {fileID: 5566842145392275611}
  m_RootOrder: 2
  m_LocalEulerAnglesHint: {x: 90.00001, y: 0, z: 0.9250001}
  m_AnchorMin: {x: 0, y: 0}
  m_AnchorMax: {x: 1, y: 1}
  m_AnchoredPosition: {x: -490.00018, y: -881.3}
  m_SizeDelta: {x: -866.05994, y: -1729.4}
  m_Pivot: {x: 0.5, y: 0.5}
--- !u!222 &5421118195693702590
CanvasRenderer:
  m_ObjectHideFlags: 0
  m_CorrespondingSourceObject: {fileID: 0}
  m_PrefabInstance: {fileID: 0}
  m_PrefabAsset: {fileID: 0}
  m_GameObject: {fileID: 6096391348121384401}
  m_CullTransparentMesh: 0
--- !u!114 &1159401332328747389
MonoBehaviour:
  m_ObjectHideFlags: 0
  m_CorrespondingSourceObject: {fileID: 0}
  m_PrefabInstance: {fileID: 0}
  m_PrefabAsset: {fileID: 0}
  m_GameObject: {fileID: 6096391348121384401}
  m_Enabled: 1
  m_EditorHideFlags: 0
  m_Script: {fileID: -765806418, guid: f70555f144d8491a825f0804e09c671c, type: 3}
  m_Name: 
  m_EditorClassIdentifier: 
  m_Material: {fileID: 0}
  m_Color: {r: 1, g: 1, b: 1, a: 1}
  m_RaycastTarget: 1
  m_OnCullStateChanged:
    m_PersistentCalls:
      m_Calls: []
    m_TypeName: UnityEngine.UI.MaskableGraphic+CullStateChangedEvent, UnityEngine.UI,
      Version=1.0.0.0, Culture=neutral, PublicKeyToken=null
  m_Sprite: {fileID: 2832200098165293003, guid: fc1118bda55ed4daea3cd547bcd04db6,
    type: 3}
  m_Type: 0
  m_PreserveAspect: 1
  m_FillCenter: 1
  m_FillMethod: 4
  m_FillAmount: 1
  m_FillClockwise: 1
  m_FillOrigin: 0
  m_UseSpriteMesh: 0
--- !u!1 &8046156206326612335
GameObject:
  m_ObjectHideFlags: 0
  m_CorrespondingSourceObject: {fileID: 0}
  m_PrefabInstance: {fileID: 0}
  m_PrefabAsset: {fileID: 0}
  serializedVersion: 6
  m_Component:
  - component: {fileID: 8609911941270939240}
  - component: {fileID: 970463587509065045}
  m_Layer: 0
  m_Name: Level 1
  m_TagString: Untagged
  m_Icon: {fileID: 0}
  m_NavMeshLayer: 0
  m_StaticEditorFlags: 0
  m_IsActive: 1
--- !u!4 &8609911941270939240
Transform:
  m_ObjectHideFlags: 0
  m_CorrespondingSourceObject: {fileID: 0}
  m_PrefabInstance: {fileID: 0}
  m_PrefabAsset: {fileID: 0}
  m_GameObject: {fileID: 8046156206326612335}
  m_LocalRotation: {x: 0, y: 0, z: 0, w: 1}
  m_LocalPosition: {x: 0, y: 0, z: 0}
  m_LocalScale: {x: 5, y: 5, z: 5}
  m_Children:
  - {fileID: 5928995809685300946}
  - {fileID: 3447035488111355010}
  - {fileID: 8390231550070911135}
  - {fileID: 9029727412000549208}
  - {fileID: 4368536699602691047}
  - {fileID: 5566842145392275611}
  m_Father: {fileID: 0}
  m_RootOrder: 0
  m_LocalEulerAnglesHint: {x: 0, y: 0, z: 0}
--- !u!114 &970463587509065045
MonoBehaviour:
  m_ObjectHideFlags: 0
  m_CorrespondingSourceObject: {fileID: 0}
  m_PrefabInstance: {fileID: 0}
  m_PrefabAsset: {fileID: 0}
  m_GameObject: {fileID: 8046156206326612335}
  m_Enabled: 1
  m_EditorHideFlags: 0
  m_Script: {fileID: 11500000, guid: 0d38a2a67a6d84fcb984cf7eafb31f9d, type: 3}
  m_Name: 
  m_EditorClassIdentifier: 
  threeStars: 2
  twoStars: 4
  oneStar: 6
  currentStars: 0
  startPoint: {fileID: 8367332362311726274}
  endPoint: {fileID: 7316282778066512769}
  unlockableCoinImage: {fileID: -1364003845743619189, guid: 19b3d872d2a114b62bf03decb54e339e,
    type: 3}
--- !u!1 &8367332362311726274
GameObject:
  m_ObjectHideFlags: 0
  m_CorrespondingSourceObject: {fileID: 0}
  m_PrefabInstance: {fileID: 0}
  m_PrefabAsset: {fileID: 0}
  serializedVersion: 6
  m_Component:
  - component: {fileID: 9029727412000549208}
  - component: {fileID: 4698918831601020531}
  m_Layer: 0
  m_Name: Start
  m_TagString: Start
  m_Icon: {fileID: 0}
  m_NavMeshLayer: 0
  m_StaticEditorFlags: 0
  m_IsActive: 1
--- !u!4 &9029727412000549208
Transform:
  m_ObjectHideFlags: 0
  m_CorrespondingSourceObject: {fileID: 0}
  m_PrefabInstance: {fileID: 0}
  m_PrefabAsset: {fileID: 0}
  m_GameObject: {fileID: 8367332362311726274}
  m_LocalRotation: {x: 0, y: 0, z: 0, w: 1}
  m_LocalPosition: {x: 0.554, y: -0.259, z: 1.157}
  m_LocalScale: {x: 1, y: 1, z: 1}
  m_Children: []
  m_Father: {fileID: 8609911941270939240}
  m_RootOrder: 3
  m_LocalEulerAnglesHint: {x: 0, y: 0, z: 0}
--- !u!135 &4698918831601020531
SphereCollider:
  m_ObjectHideFlags: 0
  m_CorrespondingSourceObject: {fileID: 0}
  m_PrefabInstance: {fileID: 0}
  m_PrefabAsset: {fileID: 0}
  m_GameObject: {fileID: 8367332362311726274}
  m_Material: {fileID: 0}
  m_IsTrigger: 1
  m_Enabled: 1
  serializedVersion: 2
  m_Radius: 0.05
  m_Center: {x: 0, y: 0, z: 0}
--- !u!1001 &1441883632997759575
PrefabInstance:
  m_ObjectHideFlags: 0
  serializedVersion: 2
  m_Modification:
    m_TransformParent: {fileID: 8609911941270939240}
    m_Modifications:
    - target: {fileID: 8181406554276336086, guid: 1f9ffc59fd18242be8a884fa2a4da12c,
        type: 3}
      propertyPath: m_Name
      value: End
      objectReference: {fileID: 0}
    - target: {fileID: 2928097861400041904, guid: 1f9ffc59fd18242be8a884fa2a4da12c,
        type: 3}
      propertyPath: m_LocalPosition.x
      value: -0.8239
      objectReference: {fileID: 0}
    - target: {fileID: 2928097861400041904, guid: 1f9ffc59fd18242be8a884fa2a4da12c,
        type: 3}
      propertyPath: m_LocalPosition.y
      value: -0.33
      objectReference: {fileID: 0}
    - target: {fileID: 2928097861400041904, guid: 1f9ffc59fd18242be8a884fa2a4da12c,
        type: 3}
      propertyPath: m_LocalPosition.z
      value: 1.1384
      objectReference: {fileID: 0}
    - target: {fileID: 2928097861400041904, guid: 1f9ffc59fd18242be8a884fa2a4da12c,
        type: 3}
      propertyPath: m_LocalRotation.x
      value: 0.32710153
      objectReference: {fileID: 0}
    - target: {fileID: 2928097861400041904, guid: 1f9ffc59fd18242be8a884fa2a4da12c,
        type: 3}
      propertyPath: m_LocalRotation.y
      value: 0.6269015
      objectReference: {fileID: 0}
    - target: {fileID: 2928097861400041904, guid: 1f9ffc59fd18242be8a884fa2a4da12c,
        type: 3}
      propertyPath: m_LocalRotation.z
      value: -0.6269001
      objectReference: {fileID: 0}
    - target: {fileID: 2928097861400041904, guid: 1f9ffc59fd18242be8a884fa2a4da12c,
        type: 3}
      propertyPath: m_LocalRotation.w
      value: 0.32710165
      objectReference: {fileID: 0}
    - target: {fileID: 2928097861400041904, guid: 1f9ffc59fd18242be8a884fa2a4da12c,
        type: 3}
      propertyPath: m_RootOrder
      value: 4
      objectReference: {fileID: 0}
    - target: {fileID: 2928097861400041904, guid: 1f9ffc59fd18242be8a884fa2a4da12c,
        type: 3}
      propertyPath: m_LocalEulerAnglesHint.x
      value: 90.00001
      objectReference: {fileID: 0}
    - target: {fileID: 2928097861400041904, guid: 1f9ffc59fd18242be8a884fa2a4da12c,
        type: 3}
      propertyPath: m_LocalEulerAnglesHint.y
      value: 0
      objectReference: {fileID: 0}
    - target: {fileID: 2928097861400041904, guid: 1f9ffc59fd18242be8a884fa2a4da12c,
        type: 3}
      propertyPath: m_LocalEulerAnglesHint.z
      value: -124.89101
      objectReference: {fileID: 0}
    m_RemovedComponents: []
  m_SourcePrefab: {fileID: 100100000, guid: 1f9ffc59fd18242be8a884fa2a4da12c, type: 3}
--- !u!1 &7316282778066512769 stripped
GameObject:
  m_CorrespondingSourceObject: {fileID: 8181406554276336086, guid: 1f9ffc59fd18242be8a884fa2a4da12c,
    type: 3}
  m_PrefabInstance: {fileID: 1441883632997759575}
  m_PrefabAsset: {fileID: 0}
--- !u!4 &4368536699602691047 stripped
Transform:
  m_CorrespondingSourceObject: {fileID: 2928097861400041904, guid: 1f9ffc59fd18242be8a884fa2a4da12c,
    type: 3}
  m_PrefabInstance: {fileID: 1441883632997759575}
  m_PrefabAsset: {fileID: 0}
--- !u!1001 &3006789847213398631
PrefabInstance:
  m_ObjectHideFlags: 0
  serializedVersion: 2
  m_Modification:
    m_TransformParent: {fileID: 8609911941270939240}
    m_Modifications:
    - target: {fileID: 3474331627079585014, guid: 2d7cf545fc219804ea38c21ef232b0fc,
        type: 3}
      propertyPath: m_Name
      value: Outdoor table
      objectReference: {fileID: 0}
    - target: {fileID: 3474331627079585014, guid: 2d7cf545fc219804ea38c21ef232b0fc,
        type: 3}
      propertyPath: m_TagString
      value: TableBase
      objectReference: {fileID: 0}
    - target: {fileID: 3474331627079585014, guid: 2d7cf545fc219804ea38c21ef232b0fc,
        type: 3}
      propertyPath: m_IsActive
      value: 1
      objectReference: {fileID: 0}
    - target: {fileID: 462771164367634149, guid: 2d7cf545fc219804ea38c21ef232b0fc,
        type: 3}
      propertyPath: m_LocalPosition.x
      value: 0
      objectReference: {fileID: 0}
    - target: {fileID: 462771164367634149, guid: 2d7cf545fc219804ea38c21ef232b0fc,
        type: 3}
      propertyPath: m_LocalPosition.y
      value: -0.7
      objectReference: {fileID: 0}
    - target: {fileID: 462771164367634149, guid: 2d7cf545fc219804ea38c21ef232b0fc,
        type: 3}
      propertyPath: m_LocalPosition.z
      value: 0
      objectReference: {fileID: 0}
    - target: {fileID: 462771164367634149, guid: 2d7cf545fc219804ea38c21ef232b0fc,
        type: 3}
      propertyPath: m_LocalRotation.x
      value: -0.7071068
      objectReference: {fileID: 0}
    - target: {fileID: 462771164367634149, guid: 2d7cf545fc219804ea38c21ef232b0fc,
        type: 3}
      propertyPath: m_LocalRotation.y
      value: 0
      objectReference: {fileID: 0}
    - target: {fileID: 462771164367634149, guid: 2d7cf545fc219804ea38c21ef232b0fc,
        type: 3}
      propertyPath: m_LocalRotation.z
      value: 0
      objectReference: {fileID: 0}
    - target: {fileID: 462771164367634149, guid: 2d7cf545fc219804ea38c21ef232b0fc,
        type: 3}
      propertyPath: m_LocalRotation.w
      value: 0.7071068
      objectReference: {fileID: 0}
    - target: {fileID: 462771164367634149, guid: 2d7cf545fc219804ea38c21ef232b0fc,
        type: 3}
      propertyPath: m_RootOrder
      value: 1
      objectReference: {fileID: 0}
    - target: {fileID: 462771164367634149, guid: 2d7cf545fc219804ea38c21ef232b0fc,
        type: 3}
      propertyPath: m_LocalEulerAnglesHint.x
      value: -90
      objectReference: {fileID: 0}
    - target: {fileID: 462771164367634149, guid: 2d7cf545fc219804ea38c21ef232b0fc,
        type: 3}
      propertyPath: m_LocalEulerAnglesHint.y
      value: 0
      objectReference: {fileID: 0}
    - target: {fileID: 462771164367634149, guid: 2d7cf545fc219804ea38c21ef232b0fc,
        type: 3}
      propertyPath: m_LocalEulerAnglesHint.z
      value: 0
      objectReference: {fileID: 0}
    - target: {fileID: 4571421978212052354, guid: 2d7cf545fc219804ea38c21ef232b0fc,
        type: 3}
      propertyPath: m_Mesh
      value: 
      objectReference: {fileID: -8806001432530455484, guid: 55ff2d82702f5c8469b02c5d6d1264c4,
        type: 3}
    - target: {fileID: 7468681504177352338, guid: 2d7cf545fc219804ea38c21ef232b0fc,
        type: 3}
      propertyPath: m_Mesh
      value: 
      objectReference: {fileID: 62265231875105588, guid: 55ff2d82702f5c8469b02c5d6d1264c4,
        type: 3}
    m_RemovedComponents: []
  m_SourcePrefab: {fileID: 100100000, guid: 2d7cf545fc219804ea38c21ef232b0fc, type: 3}
--- !u!4 &3447035488111355010 stripped
Transform:
  m_CorrespondingSourceObject: {fileID: 462771164367634149, guid: 2d7cf545fc219804ea38c21ef232b0fc,
    type: 3}
  m_PrefabInstance: {fileID: 3006789847213398631}
  m_PrefabAsset: {fileID: 0}
--- !u!1001 &5471039032601830834
PrefabInstance:
  m_ObjectHideFlags: 0
  serializedVersion: 2
  m_Modification:
    m_TransformParent: {fileID: 8390231550070911135}
    m_Modifications:
    - target: {fileID: 3819769355731302435, guid: 60fd69f5ece6cf84c94e9c6477548a04,
        type: 3}
      propertyPath: m_Name
      value: Beer bottle (1)
      objectReference: {fileID: 0}
    - target: {fileID: 241455112938031664, guid: 60fd69f5ece6cf84c94e9c6477548a04,
        type: 3}
      propertyPath: m_LocalPosition.x
      value: -0.752
      objectReference: {fileID: 0}
    - target: {fileID: 241455112938031664, guid: 60fd69f5ece6cf84c94e9c6477548a04,
        type: 3}
      propertyPath: m_LocalPosition.y
      value: -0.329
      objectReference: {fileID: 0}
    - target: {fileID: 241455112938031664, guid: 60fd69f5ece6cf84c94e9c6477548a04,
        type: 3}
      propertyPath: m_LocalPosition.z
      value: 0.841
      objectReference: {fileID: 0}
    - target: {fileID: 241455112938031664, guid: 60fd69f5ece6cf84c94e9c6477548a04,
        type: 3}
      propertyPath: m_LocalRotation.x
      value: -0.7071068
      objectReference: {fileID: 0}
    - target: {fileID: 241455112938031664, guid: 60fd69f5ece6cf84c94e9c6477548a04,
        type: 3}
      propertyPath: m_LocalRotation.y
      value: 0
      objectReference: {fileID: 0}
    - target: {fileID: 241455112938031664, guid: 60fd69f5ece6cf84c94e9c6477548a04,
        type: 3}
      propertyPath: m_LocalRotation.z
      value: 0
      objectReference: {fileID: 0}
    - target: {fileID: 241455112938031664, guid: 60fd69f5ece6cf84c94e9c6477548a04,
        type: 3}
      propertyPath: m_LocalRotation.w
      value: 0.7071068
      objectReference: {fileID: 0}
    - target: {fileID: 241455112938031664, guid: 60fd69f5ece6cf84c94e9c6477548a04,
        type: 3}
      propertyPath: m_RootOrder
      value: 1
      objectReference: {fileID: 0}
    - target: {fileID: 241455112938031664, guid: 60fd69f5ece6cf84c94e9c6477548a04,
        type: 3}
      propertyPath: m_LocalEulerAnglesHint.x
      value: -90
      objectReference: {fileID: 0}
    - target: {fileID: 241455112938031664, guid: 60fd69f5ece6cf84c94e9c6477548a04,
        type: 3}
      propertyPath: m_LocalEulerAnglesHint.y
      value: 0
      objectReference: {fileID: 0}
    - target: {fileID: 241455112938031664, guid: 60fd69f5ece6cf84c94e9c6477548a04,
        type: 3}
      propertyPath: m_LocalEulerAnglesHint.z
      value: 0
      objectReference: {fileID: 0}
    m_RemovedComponents: []
  m_SourcePrefab: {fileID: 100100000, guid: 60fd69f5ece6cf84c94e9c6477548a04, type: 3}
--- !u!4 &5239053223621881730 stripped
Transform:
  m_CorrespondingSourceObject: {fileID: 241455112938031664, guid: 60fd69f5ece6cf84c94e9c6477548a04,
    type: 3}
  m_PrefabInstance: {fileID: 5471039032601830834}
  m_PrefabAsset: {fileID: 0}
--- !u!1001 &6441254537184039339
PrefabInstance:
  m_ObjectHideFlags: 0
  serializedVersion: 2
  m_Modification:
    m_TransformParent: {fileID: 8609911941270939240}
    m_Modifications:
    - target: {fileID: 4427233329325983082, guid: 68c259836f6ad774bb1229d6b4d6a142,
        type: 3}
      propertyPath: m_Name
      value: Ground
      objectReference: {fileID: 0}
    - target: {fileID: 804992703378503545, guid: 68c259836f6ad774bb1229d6b4d6a142,
        type: 3}
      propertyPath: m_LocalPosition.x
      value: -0
      objectReference: {fileID: 0}
    - target: {fileID: 804992703378503545, guid: 68c259836f6ad774bb1229d6b4d6a142,
        type: 3}
      propertyPath: m_LocalPosition.y
      value: -0.7
      objectReference: {fileID: 0}
    - target: {fileID: 804992703378503545, guid: 68c259836f6ad774bb1229d6b4d6a142,
        type: 3}
      propertyPath: m_LocalPosition.z
      value: 0
      objectReference: {fileID: 0}
    - target: {fileID: 804992703378503545, guid: 68c259836f6ad774bb1229d6b4d6a142,
        type: 3}
      propertyPath: m_LocalRotation.x
      value: -0.7071068
      objectReference: {fileID: 0}
    - target: {fileID: 804992703378503545, guid: 68c259836f6ad774bb1229d6b4d6a142,
        type: 3}
      propertyPath: m_LocalRotation.y
      value: 0
      objectReference: {fileID: 0}
    - target: {fileID: 804992703378503545, guid: 68c259836f6ad774bb1229d6b4d6a142,
        type: 3}
      propertyPath: m_LocalRotation.z
      value: -0
      objectReference: {fileID: 0}
    - target: {fileID: 804992703378503545, guid: 68c259836f6ad774bb1229d6b4d6a142,
        type: 3}
      propertyPath: m_LocalRotation.w
      value: 0.7071068
      objectReference: {fileID: 0}
    - target: {fileID: 804992703378503545, guid: 68c259836f6ad774bb1229d6b4d6a142,
        type: 3}
      propertyPath: m_RootOrder
      value: 0
      objectReference: {fileID: 0}
    - target: {fileID: 804992703378503545, guid: 68c259836f6ad774bb1229d6b4d6a142,
        type: 3}
      propertyPath: m_LocalEulerAnglesHint.x
      value: 0
      objectReference: {fileID: 0}
    - target: {fileID: 804992703378503545, guid: 68c259836f6ad774bb1229d6b4d6a142,
        type: 3}
      propertyPath: m_LocalEulerAnglesHint.y
      value: 0
      objectReference: {fileID: 0}
    - target: {fileID: 804992703378503545, guid: 68c259836f6ad774bb1229d6b4d6a142,
        type: 3}
      propertyPath: m_LocalEulerAnglesHint.z
      value: 0
      objectReference: {fileID: 0}
    - target: {fileID: 2687636658474250678, guid: 68c259836f6ad774bb1229d6b4d6a142,
        type: 3}
      propertyPath: m_Materials.Array.data[0]
      value: 
      objectReference: {fileID: 2100000, guid: 5f49491d5a68bff4db916d0ad86d0462, type: 2}
    m_RemovedComponents: []
  m_SourcePrefab: {fileID: 100100000, guid: 68c259836f6ad774bb1229d6b4d6a142, type: 3}
--- !u!4 &5928995809685300946 stripped
Transform:
  m_CorrespondingSourceObject: {fileID: 804992703378503545, guid: 68c259836f6ad774bb1229d6b4d6a142,
    type: 3}
  m_PrefabInstance: {fileID: 6441254537184039339}
  m_PrefabAsset: {fileID: 0}
--- !u!1001 &7723682557648080195
PrefabInstance:
  m_ObjectHideFlags: 0
  serializedVersion: 2
  m_Modification:
    m_TransformParent: {fileID: 8390231550070911135}
    m_Modifications:
    - target: {fileID: 3819769355731302435, guid: 60fd69f5ece6cf84c94e9c6477548a04,
        type: 3}
      propertyPath: m_Name
      value: Beer bottle
      objectReference: {fileID: 0}
    - target: {fileID: 241455112938031664, guid: 60fd69f5ece6cf84c94e9c6477548a04,
        type: 3}
      propertyPath: m_LocalPosition.x
      value: -0.077
      objectReference: {fileID: 0}
    - target: {fileID: 241455112938031664, guid: 60fd69f5ece6cf84c94e9c6477548a04,
        type: 3}
      propertyPath: m_LocalPosition.y
      value: -0.329
      objectReference: {fileID: 0}
    - target: {fileID: 241455112938031664, guid: 60fd69f5ece6cf84c94e9c6477548a04,
        type: 3}
      propertyPath: m_LocalPosition.z
      value: 0.936
      objectReference: {fileID: 0}
    - target: {fileID: 241455112938031664, guid: 60fd69f5ece6cf84c94e9c6477548a04,
        type: 3}
      propertyPath: m_LocalRotation.x
      value: -0.7071068
      objectReference: {fileID: 0}
    - target: {fileID: 241455112938031664, guid: 60fd69f5ece6cf84c94e9c6477548a04,
        type: 3}
      propertyPath: m_LocalRotation.y
      value: 0
      objectReference: {fileID: 0}
    - target: {fileID: 241455112938031664, guid: 60fd69f5ece6cf84c94e9c6477548a04,
        type: 3}
      propertyPath: m_LocalRotation.z
      value: 0
      objectReference: {fileID: 0}
    - target: {fileID: 241455112938031664, guid: 60fd69f5ece6cf84c94e9c6477548a04,
        type: 3}
      propertyPath: m_LocalRotation.w
      value: 0.7071068
      objectReference: {fileID: 0}
    - target: {fileID: 241455112938031664, guid: 60fd69f5ece6cf84c94e9c6477548a04,
        type: 3}
      propertyPath: m_RootOrder
      value: 0
      objectReference: {fileID: 0}
    - target: {fileID: 241455112938031664, guid: 60fd69f5ece6cf84c94e9c6477548a04,
        type: 3}
      propertyPath: m_LocalEulerAnglesHint.x
      value: -90
      objectReference: {fileID: 0}
    - target: {fileID: 241455112938031664, guid: 60fd69f5ece6cf84c94e9c6477548a04,
        type: 3}
      propertyPath: m_LocalEulerAnglesHint.y
      value: 0
      objectReference: {fileID: 0}
    - target: {fileID: 241455112938031664, guid: 60fd69f5ece6cf84c94e9c6477548a04,
        type: 3}
      propertyPath: m_LocalEulerAnglesHint.z
      value: 0
      objectReference: {fileID: 0}
    m_RemovedComponents: []
  m_SourcePrefab: {fileID: 100100000, guid: 60fd69f5ece6cf84c94e9c6477548a04, type: 3}
--- !u!4 &7523784861927147379 stripped
Transform:
  m_CorrespondingSourceObject: {fileID: 241455112938031664, guid: 60fd69f5ece6cf84c94e9c6477548a04,
    type: 3}
  m_PrefabInstance: {fileID: 7723682557648080195}
  m_PrefabAsset: {fileID: 0}
--- !u!1001 &7761073750175998760
PrefabInstance:
  m_ObjectHideFlags: 0
  serializedVersion: 2
  m_Modification:
    m_TransformParent: {fileID: 8390231550070911135}
    m_Modifications:
    - target: {fileID: 3819769355731302435, guid: 60fd69f5ece6cf84c94e9c6477548a04,
        type: 3}
      propertyPath: m_Name
      value: Beer bottle (2)
      objectReference: {fileID: 0}
    - target: {fileID: 241455112938031664, guid: 60fd69f5ece6cf84c94e9c6477548a04,
        type: 3}
      propertyPath: m_LocalPosition.x
      value: 0.269
      objectReference: {fileID: 0}
    - target: {fileID: 241455112938031664, guid: 60fd69f5ece6cf84c94e9c6477548a04,
        type: 3}
      propertyPath: m_LocalPosition.y
      value: -0.329
      objectReference: {fileID: 0}
    - target: {fileID: 241455112938031664, guid: 60fd69f5ece6cf84c94e9c6477548a04,
        type: 3}
      propertyPath: m_LocalPosition.z
      value: 0.843
      objectReference: {fileID: 0}
    - target: {fileID: 241455112938031664, guid: 60fd69f5ece6cf84c94e9c6477548a04,
        type: 3}
      propertyPath: m_LocalRotation.x
      value: -0.7071068
      objectReference: {fileID: 0}
    - target: {fileID: 241455112938031664, guid: 60fd69f5ece6cf84c94e9c6477548a04,
        type: 3}
      propertyPath: m_LocalRotation.y
      value: 0
      objectReference: {fileID: 0}
    - target: {fileID: 241455112938031664, guid: 60fd69f5ece6cf84c94e9c6477548a04,
        type: 3}
      propertyPath: m_LocalRotation.z
      value: 0
      objectReference: {fileID: 0}
    - target: {fileID: 241455112938031664, guid: 60fd69f5ece6cf84c94e9c6477548a04,
        type: 3}
      propertyPath: m_LocalRotation.w
      value: 0.7071068
      objectReference: {fileID: 0}
    - target: {fileID: 241455112938031664, guid: 60fd69f5ece6cf84c94e9c6477548a04,
        type: 3}
      propertyPath: m_RootOrder
      value: 2
      objectReference: {fileID: 0}
    - target: {fileID: 241455112938031664, guid: 60fd69f5ece6cf84c94e9c6477548a04,
        type: 3}
      propertyPath: m_LocalEulerAnglesHint.x
      value: -90
      objectReference: {fileID: 0}
    - target: {fileID: 241455112938031664, guid: 60fd69f5ece6cf84c94e9c6477548a04,
        type: 3}
      propertyPath: m_LocalEulerAnglesHint.y
      value: 0
      objectReference: {fileID: 0}
    - target: {fileID: 241455112938031664, guid: 60fd69f5ece6cf84c94e9c6477548a04,
        type: 3}
      propertyPath: m_LocalEulerAnglesHint.z
      value: 0
      objectReference: {fileID: 0}
    m_RemovedComponents: []
  m_SourcePrefab: {fileID: 100100000, guid: 60fd69f5ece6cf84c94e9c6477548a04, type: 3}
--- !u!4 &7560713994877987096 stripped
Transform:
  m_CorrespondingSourceObject: {fileID: 241455112938031664, guid: 60fd69f5ece6cf84c94e9c6477548a04,
    type: 3}
  m_PrefabInstance: {fileID: 7761073750175998760}
  m_PrefabAsset: {fileID: 0}
--- !u!1001 &7893523675913357956
PrefabInstance:
  m_ObjectHideFlags: 0
  serializedVersion: 2
  m_Modification:
    m_TransformParent: {fileID: 8390231550070911135}
    m_Modifications:
    - target: {fileID: 3819769355731302435, guid: 60fd69f5ece6cf84c94e9c6477548a04,
        type: 3}
      propertyPath: m_Name
      value: Beer bottle (3)
      objectReference: {fileID: 0}
    - target: {fileID: 241455112938031664, guid: 60fd69f5ece6cf84c94e9c6477548a04,
        type: 3}
      propertyPath: m_LocalPosition.x
      value: -0.899
      objectReference: {fileID: 0}
    - target: {fileID: 241455112938031664, guid: 60fd69f5ece6cf84c94e9c6477548a04,
        type: 3}
      propertyPath: m_LocalPosition.y
      value: -0.329
      objectReference: {fileID: 0}
    - target: {fileID: 241455112938031664, guid: 60fd69f5ece6cf84c94e9c6477548a04,
        type: 3}
      propertyPath: m_LocalPosition.z
      value: 0.939
      objectReference: {fileID: 0}
    - target: {fileID: 241455112938031664, guid: 60fd69f5ece6cf84c94e9c6477548a04,
        type: 3}
      propertyPath: m_LocalRotation.x
      value: -0.7071068
      objectReference: {fileID: 0}
    - target: {fileID: 241455112938031664, guid: 60fd69f5ece6cf84c94e9c6477548a04,
        type: 3}
      propertyPath: m_LocalRotation.y
      value: 0
      objectReference: {fileID: 0}
    - target: {fileID: 241455112938031664, guid: 60fd69f5ece6cf84c94e9c6477548a04,
        type: 3}
      propertyPath: m_LocalRotation.z
      value: 0
      objectReference: {fileID: 0}
    - target: {fileID: 241455112938031664, guid: 60fd69f5ece6cf84c94e9c6477548a04,
        type: 3}
      propertyPath: m_LocalRotation.w
      value: 0.7071068
      objectReference: {fileID: 0}
    - target: {fileID: 241455112938031664, guid: 60fd69f5ece6cf84c94e9c6477548a04,
        type: 3}
      propertyPath: m_RootOrder
      value: 3
      objectReference: {fileID: 0}
    - target: {fileID: 241455112938031664, guid: 60fd69f5ece6cf84c94e9c6477548a04,
        type: 3}
      propertyPath: m_LocalEulerAnglesHint.x
      value: -90
      objectReference: {fileID: 0}
    - target: {fileID: 241455112938031664, guid: 60fd69f5ece6cf84c94e9c6477548a04,
        type: 3}
      propertyPath: m_LocalEulerAnglesHint.y
      value: 0
      objectReference: {fileID: 0}
    - target: {fileID: 241455112938031664, guid: 60fd69f5ece6cf84c94e9c6477548a04,
        type: 3}
      propertyPath: m_LocalEulerAnglesHint.z
      value: 0
      objectReference: {fileID: 0}
    m_RemovedComponents: []
  m_SourcePrefab: {fileID: 100100000, guid: 60fd69f5ece6cf84c94e9c6477548a04, type: 3}
--- !u!4 &7985656004172578996 stripped
Transform:
  m_CorrespondingSourceObject: {fileID: 241455112938031664, guid: 60fd69f5ece6cf84c94e9c6477548a04,
    type: 3}
  m_PrefabInstance: {fileID: 7893523675913357956}
  m_PrefabAsset: {fileID: 0}
